 Dungeon Crawl Stone Soup version 0.31-a0-771-g505c3d19dc (webtiles) character file.

Game seed: 10530914411037878703

53 cforsyth the Sneak (level 4, 0/37 HPs)
             Began as a Djinni Delver on Sept 16, 2023.
             Slain by an iguana (5 damage)
             ... on level 5 of the Dungeon.
             The game lasted 00:00:47 (437 turns).

cforsyth the Sneak (Djinni Delver)                   Turns: 437, Time: 00:00:48

Health: 0/37       AC:  3    Str: 11    XL:     4   Next: 11%
Gold:   48         EV: 12    Int: 13    God:
                   SH:  0    Dex: 15

rFire   + + .        a - +0 falchion
rCold   x . .        (no shield)
rNeg    . . .        b - +0 leather armour
rPois   ∞            (no helmet)
rElec   .            (no cloak)
rCorr   .            (no gloves)
SInv    .            (boots unavailable)
Will    .....        (no amulet)
Stlth   ++           (no ring)
HPRegen 0.26/turn    (no ring)
MPRegen 0.00/turn

%: infuse magic (-1 HP)
@: flying
A: sickness immunity, fire resistance 2, cold vulnerability 1, float, innate
caster, HP casting, extra vitality 1
a: no special abilities


You were on level 5 of the Dungeon.
You visited 1 branch of the dungeon, and saw 1 of its levels.

You collected 48 gold pieces.

Inventory:

Hand Weapons
 a - a +0 falchion (weapon)
Armour
 b - a +0 leather armour (worn)
Wands
 g - a wand of digging (3)
Scrolls
 c - a scroll of fog
 d - a scroll of revelation
 h - a scroll of enchant armour {unknown}
Potions
 f - a potion of haste
 i - a potion of heal wounds {unknown}


   Skills:
 + Level 3.9 Fighting
 - Level 1.7 Long Blades
 - Level 2.1 Dodging
 - Level 4.1 Stealth
 + Level 1.5 Spellcasting
 + Level 1.5 Conjurations
 + Level 1.5 Hexes
   Level 0.0 Charms
 + Level 1.5 Summonings
 + Level 1.5 Necromancy
 + Level 1.5 Translocations
 + Level 1.5 Transmutations
 + Level 1.5 Fire Magic
 + Level 1.5 Ice Magic
 + Level 1.5 Air Magic
 + Level 1.5 Earth Magic
 + Level 1.5 Poison Magic


You knew the following spells:

 Your Spells              Type           Power      Damage    Failure   Level
a - Freeze                Ice            16%        1d4       19%         1
Your spell library was empty.

Dungeon Overview and Level Annotations

Branches:
Dungeon (5/15)
 Temple: D:4-7

Altars:


Innate Abilities, Weirdness & Mutations

You are immune to sickness and miasma.
You are immune to poison.
Your flesh is very heat resistant. (rF++)
You are vulnerable to cold. (rC-)
You float through the air rather than walking.
You learn spells naturally, not from books.
Your magical power is your life essence.
You have superior vitality. (+4 MHP)


Message History

The iguana closely misses you.
You hit the iguana.
The iguana is heavily wounded.
The iguana bites you! The iguana misses you.
Casting: Freeze (safe; 19% risk of failure)
Confirm with . or Enter, or press ? or * to list all spells.
Aiming: Freeze (safe; 19% risk of failure)
Press: ? - help, Shift-Dir - straight line, f - iguana
Aim: an iguana (heavily wounded)
You freeze the iguana.
The iguana is almost dead.
The iguana closely misses you.
Casting: Freeze (safe; 19% risk of failure)
Confirm with . or Enter, or press ? or * to list all spells.
Aiming: Freeze (safe; 19% risk of failure)
Press: ? - help, Shift-Dir - straight line, f/p - iguana
Aim: an iguana (almost dead)
You freeze the iguana.
The iguana is almost dead.
The iguana seems to slow down.
Casting: Freeze (safe; 19% risk of failure)
Confirm with . or Enter, or press ? or * to list all spells.
Aiming: Freeze (safe; 19% risk of failure)
Press: ? - help, Shift-Dir - straight line, f/p - iguana
Aim: an iguana (almost dead, slow)
Okay, then.
You hit the iguana but do no damage.
The iguana is almost dead.
The iguana is no longer moving slowly.
The iguana closely misses you.
You closely miss the iguana.
The iguana is almost dead.
The iguana closely misses you.
You hit the iguana.
The iguana is almost dead.
The iguana bites you. The iguana bites you!
* * * LOW HITPOINT WARNING * * *
You hit the iguana but do no damage.
The iguana is almost dead.
The iguana bites you.
You die...

#### #..# #..# #..# ##
#..# #.. #.l# #.# #.@##
#.# ## ##...# #.##.###
####....# #...#..##
.....>..######.#..(#.#
?................#...#
####....######.#...#.#.
##+##.#.......#.....
#....#.#####..#####
###)##.#.#.......#...


You could see an iguana.

Vanquished Creatures
  A hound (D:5)
  An iguana (D:5)
2 creatures vanquished.

Notes
Turn   | Place    | Note
-------+----------+-------------------------------------------
     0 | D:5      | cforsyth the Djinni Delver began the quest for the Orb.
     0 | D:5      | Reached XP level 1. HP: 20/20 MP: 0/0
    56 | D:5      | Noticed a hound
    77 | D:5      | Killed a hound
    78 | D:5      | Reached skill level 1 in Spellcasting
    78 | D:5      | Reached skill level 1 in Conjurations
    78 | D:5      | Reached skill level 1 in Hexes
    78 | D:5      | Reached skill level 1 in Summonings
    78 | D:5      | Reached skill level 1 in Necromancy
    78 | D:5      | Reached skill level 1 in Translocations
    78 | D:5      | Reached skill level 1 in Transmutations
    78 | D:5      | Reached skill level 1 in Fire Magic
    78 | D:5      | Reached skill level 1 in Ice Magic
    78 | D:5      | Reached skill level 1 in Air Magic
    78 | D:5      | Reached skill level 1 in Earth Magic
    78 | D:5      | Reached skill level 1 in Poison Magic
    78 | D:5      | Reached XP level 2. HP: 7/25 MP: 0/0
    78 | D:5      | Reached XP level 3. HP: 8/30 MP: 0/0
    78 | D:5      | Learned a level 1 spell: Freeze
   222 | D:5      | Reached XP level 4. HP: 35/37 MP: 0/0
   437 | D:5      | Slain by an iguana

Illustrated notes

Levels and vault maps discovered:
D:5:      layout_basic, serial_park_tiny_2, kennysheep_small_spiral, hex_tiny

Skill      XL: |  1 |
---------------+----+-----
Spellcasting   | 1 |  1.5
Conjurations   | 1 |  1.5
Hexes          | 1 |  1.5
Summonings     | 1 |  1.5
Necromancy     | 1 |  1.5
Translocations | 1 |  1.5
Transmutations | 1 |  1.5
Fire Magic     | 1 |  1.5
Ice Magic      | 1 |  1.5
Air Magic      | 1 |  1.5
Earth Magic    | 1 |  1.5
Poison Magic   | 1 |  1.5
Fighting       | |  3.9
Long Blades    | |  1.7
Dodging        | |  2.1
Stealth        | |  4.1

Action                     |  1- 3 |  4- 6 || total
---------------------------+-------+-------++-------
  Melee: Falchion          |    21 |     7 ||    28
         Punch             |     1 |       ||     1
   Cast: Freeze            |     1 |     3 ||     4
    Use: Scroll            |       |     1 ||     1
   Stab: Sleeping          |     1 |       ||     1
 Armour: Leather armour    |    12 |    12 ||    24
  Dodge: Dodged            |    23 |    10 ||    33

Table legend: (Time is in decaauts)
 A = Elapsed time spent in this place.
 B = Non-inter-level travel time spent in this place.
 C = Inter-level travel time spent in this place.
 D = Time resting spent in this place.
 E = Time spent auto-exploring this place.
 F = Levels seen in this place.
 G = Mean time per level.
                   A        B        C        D        E       F      G
               +--------+--------+--------+--------+--------+-----+--------+
         Total |    442 |    442 |      0 |     83 |    239 |   1 |  442.0 |
       Dungeon |    442 |    442 |      0 |     83 |    239 |   1 |  442.0 |
               +--------+--------+--------+--------+--------+-----+--------+

Top non-repeatable levels by time:
     D:5: 442 daAuts
